 Dungeon Crawl Stone Soup version 0.31-a0-744-gbc345e7fcb (webtiles) character file.

Game seed: 16566737387457480951

157 GigaChad the Shield-Bearer (level 5, -1/42 HPs)
             Began as a Formicid Fighter on Sept 13, 2023.
             Slain by Eustachio
             ... wielding a +2 falchion of electrocution
              (6 damage)
             ... on level 4 of the Dungeon.
             The game lasted 00:03:17 (2851 turns).

GigaChad the Shield-Bearer (Formicid Fighter)       Turns: 2851, Time: 00:03:18

Health: -1/42      AC:  9    Str: 23    XL:     5   Next: 66%
Magic:  0/5        EV:  8    Int:  7    God:
Gold:   190        SH:  5    Dex: 13    Spells: 4/4 levels left

rFire   . . .        a - +0 war axe
rCold   . . .        c - +0 buckler
rNeg    . . .        j - +0 chain mail
rPois   .            (helmet unavailable)
rElec   .            (no cloak)
rCorr   .            (no gloves)
SInv    +            (no boots)
Will    .....        h - amulet of guardian spirit Stlth
                     (no ring)
HPRegen 0.27/turn    (no ring)
MPRegen 0.09/turn

%: guardian spirit
@: no status effects
A: permanent stasis, dig shafts and tunnels, antennae 3, four strong arms
a: Dig, Shaft Self


You were on level 4 of the Dungeon.
You visited 1 branch of the dungeon, and saw 4 of its levels.

You collected 190 gold pieces.

Inventory:

Hand Weapons
 a - a +0 war axe (weapon)
Armour
 b - a +0 scale mail
 c - a +0 buckler (worn)
 j - a +0 chain mail (worn)
Jewellery
 g - a ring of positive energy
 h - an amulet of guardian spirit (around neck)
 t - a +4 ring of protection
Wands
 r - a wand of mindburst (18)
Scrolls
 f - a scroll of amnesia
 i - 4 scrolls of identify {unknown}
 l - a scroll of fog {unknown}
 m - a scroll of teleportation {unknown}
 s - a scroll of fear
Potions
 d - 3 potions of might
 e - a potion of berserk rage {unknown}
 k - 2 potions of resistance {unknown}
 n - 2 potions of curing {unknown}
 o - a potion of heal wounds {unknown}
 p - a potion of lignification {unknown}
 q - 2 potions of mutation {unknown}


   Skills:
 * Level 4.0 Fighting
 * Level 4.0 Axes
 * Level 4.0 Armour
 * Level 4.7 Shields


You had 4 spell levels left.
You didn't know any spells.
Your spell library was empty.

Dungeon Overview and Level Annotations

Branches:
Dungeon (4/15)
 Temple: D:4-7

Altars:
Qazlal

Shops:
D:1 !

Annotations:
D:4 Eustachio


Innate Abilities, Weirdness & Mutations

You cannot be hasted, slowed, berserked, paralysed or teleported.
You can dig through walls and to a lower floor.
You have a pair of large antennae on your head. (SInv)
Your four strong arms can wield two-handed weapons with a shield.


Message History

You hit the white imp but do no damage. The white imp barely misses you.
You slash the white imp!
The white imp is almost dead.
The white imp closely misses you. You block the white imp's attack.
You hit the white imp.
You kill the white imp!
The white imp disappears in a puff of smoke!
You closely miss Eustachio.
Eustachio is lightly wounded.
Eustachio hits you with a +2 falchion of electrocution.
You completely miss Eustachio.
Eustachio is lightly wounded.
Eustachio barely misses you.
Eustachio hits you with a +2 falchion of electrocution!
* * * LOW HITPOINT WARNING * * *
You closely miss Eustachio.
Eustachio is lightly wounded.
You block Eustachio's attack.
You hit Eustachio.
Eustachio is lightly wounded.
Eustachio hits you with a +2 falchion of electrocution!
* * * LOW HITPOINT WARNING * * *
You hit Eustachio but do no damage.
Eustachio is lightly wounded.
Eustachio casts a spell.
Eustachio blinks!
Eustachio mumbles some strange words.
Eustachio blinks!
You see here a book of Alchemy.
Eustachio calls on the powers of shadow!
Eustachio closely misses you.
You see here a +0 robe.
You slash Eustachio!
Eustachio is heavily wounded.
Eustachio hits you but does no damage.
You hit Eustachio but do no damage.
Eustachio is heavily wounded.
Eustachio hits you with a +2 falchion of electrocution!
You die...
Eustachio twirls his moustache.

..........#...###.......#
.....>##....## #.........
.....## ... #..####.##
...... #.# #...# ##?#
.....# ##.### ##..# ....
.#.### #....# #...##..##
... #...# #..†.....# ...
##..####..........
#.....:.@@.....###
#.#####........# #..
##......... #..
........... ?..
..$...[..##. ...#
.#.......## #...
#######..## ##.. ###


You could see Eustachio.

Vanquished Creatures
  3 gnolls (D:4)
  6 adders
  A worm (D:2)
  3 dart slugs
  An orc (D:4)
  7 endoplasms
  7 hobgoblins
  5 jackals
  9 kobolds
  5 quokkas
  2 ball pythons
  3 bats
  4 frilled lizards
  4 goblins
  4 rats
64 creatures vanquished.

Notes
Turn   | Place    | Note
-------+----------+-------------------------------------------
     0 | D:1      | GigaChad the Formicid Fighter began the quest for the Orb.
     0 | D:1      | Reached XP level 1. HP: 18/18 MP: 1/1
    30 | D:1      | Found Naunouss's Distillery.
   215 | D:1      | Reached XP level 2. HP: 18/24 MP: 2/2
  1067 | D:2      | Reached XP level 3. HP: 25/29 MP: 3/3
  1832 | D:2      | Reached XP level 4. HP: 35/37 MP: 4/4
  2220 | D:3      | Reached XP level 5. HP: 42/42 MP: 5/5
  2359 | D:3      | Found a stormy altar of Qazlal.
  2811 | D:4      | Noticed Eustachio
  2851 | D:4      | Slain by Eustachio

Illustrated notes

Levels and vault maps discovered:
D:1:      psy_arrival_heroes, layout_loops_ring, serial_forest,
          infiniplex_forest_lined_ring, infiniplex_forest_lined_4_way,
          infiniplex_forest_clump_tiny, infiniplex_forest_diagonal,
          infiniplex_forest_lined_3, infiniplex_forest_lined_corner,
          infiniplex_forest_join, serial_shops, nicolae_shop_statue_plus
D:2:      layout_basic
D:3:      cheibrodos_old_hovel, layout_rooms, grunt_qazlal_clouds,
          kennysheep_generic_room_2
D:4:      layout_cave_pools, sigmund_edmund_badplayer, uniq_eustachio

Skill      XL: |  1  2  3  4  5 |
---------------+----------------+-----
Axes           | 3 4 |  4.0
Armour         | 4 |  4.0
Fighting       | 4 |  4.0
Shields        | |  4.7

Action                     |  1- 3 |  4- 6 || total
---------------------------+-------+-------++-------
  Melee: War axe           |    92 |   109 ||   201
    Use: Scroll            |     3 |       ||     3
 Armour: Scale mail        |     9 |       ||     9
         Chain mail        |    80 |    85 ||   165
  Dodge: Dodged            |    41 |    41 ||    82
  Block: Buckler           |    25 |    29 ||    54

Table legend: (Time is in decaauts)
 A = Elapsed time spent in this place.
 B = Non-inter-level travel time spent in this place.
 C = Inter-level travel time spent in this place.
 D = Time resting spent in this place.
 E = Time spent auto-exploring this place.
 F = Levels seen in this place.
 G = Mean time per level.
                   A        B        C        D        E       F      G
               +--------+--------+--------+--------+--------+-----+--------+
         Total |   2925 |   2874 |     51 |      0 |   2318 |   4 |  731.2 |
       Dungeon |   2925 |   2874 |     51 |      0 |   2318 |   4 |  731.2 |
               +--------+--------+--------+--------+--------+-----+--------+

Top non-repeatable levels by time:
     D:1: 961 daAuts
     D:2: 961 daAuts
     D:3: 657 daAuts
     D:4: 345 daAuts
